 Dungeon Crawl Stone Soup version 0.17-a0-1479-g4041c36 (webtiles) character file.

1041 amnekian the Nimble (level 8, -3/48 HPs)
             Began as an Octopode Transmuter on July 4, 2015.
             Was a Believer of Cheibriados.
             Slain by an orc wizard
             ... wielding a +2 dagger of protection
              (5 damage)
             ... on level 6 of the Dungeon.
             The game lasted 00:27:13 (7404 turns).

amnekian the Nimble (Octopode Transmuter)           Turns: 7404, Time: 00:27:14

Health: -3/48      AC:  2    Str: 16    XL:     8   Next: 25%
Magic:  11/11      EV: 18    Int: 25    God:    Cheibriados [**....]
Gold:   338        SH:  0    Dex: 17    Spells: 3 memorised, 5 levels left

rFire  . . .     SeeInvis .     b - +0 hunting sling
rCold  . . .     Clarity  .     (no shield)
rNeg   . . .     SustAt   .     m - +1 hat
rPois  .         Gourm    .     (no amulet)
rElec  .         Spirit   .     y - +4 ring of intelligence
rCorr  .         Warding  .     (no ring)
rMut   .         Stasis   .     (no ring)
MR     .....                    (no ring)
Stlth  ++........               (no ring)
                                (no ring)
                                (no ring)
                                (no ring)

@: confused, very slightly contaminated, very slow, not resistant to hostile
enchantments, unstealthy
A: almost no armour, amphibious, 8 rings, constrict 8, camouflage 1, gelatinous
body 1
a: Bend Time, Renounce Religion


You were on level 6 of the Dungeon.
You worshipped Cheibriados.
Cheibriados was pleased with you.
You were not hungry.

You visited 2 branches of the dungeon, and saw 7 of its levels.
You also visited: Ossuary.

You collected 338 gold pieces.

Inventory:

Hand weapons
 b - a +0 hunting sling (weapon)
Missiles
 a - 68 arrows
 e - 7 javelins
 h - 199 stones (quivered)
 k - 13 sling bullets
 o - 13 arrows of frost
 r - 7 poisoned needles
Armour
 m - a +1 hat (worn)
Jewellery
 y - a +4 ring of intelligence (left tentacle)
Magical devices
 s - a wand of lightning (10)
Scrolls
 d - 2 scrolls of enchant armour
 g - a scroll of random uselessness {unknown}
 l - 2 scrolls of remove curse
 n - a scroll of amnesia
 q - a scroll of vulnerability {unknown}
 u - 2 scrolls of identify
 A - a scroll of immolation {unknown}
Potions
 f - a potion of magic
 p - a potion of resistance
Books
 j - a book of Changes

   Spells                             Type                      Level
   a - Beastly Appendage              Transmutation                1
   b - Sticks to Snakes               Transmutation                2
   c - Spider Form                    Transmutation/Poison         3
   d - Ice Form                       Ice/Transmutation            4
   e - Blade Hands                    Transmutation                5
Comestibles
 c - 5 bread rations
 x - 2 meat rations
 z - a royal jelly


   Skills:
 - Level 1.0 Fighting
 * Level 8.0 Dodging
 - Level 4.4 Unarmed Combat
 - Level 2.0 Spellcasting
 - Level 3.4 Transmutations
 - Level 3.0 Poison Magic


You had 5 spell levels left.
You knew the following spells:

 Your Spells              Type           Power        Failure   Level  Hunger
a - Beastly Appendage     Trmt           ###...       3%          1    None
b - Sticks to Snakes      Trmt           ###.......   6%          2    ##.....
c - Spider Form           Trmt/Pois      ###.......   12%         3    ###....


Dungeon Overview and Level Annotations

Branches:
Dungeon (6/15)             Temple (1/1) D:4

Altars:
Ashenzari
Cheibriados
Dithmenos
Elyvilon
Fedhas
Gozag
Kikubaaqudgha
Makhleb
Okawaru
Qazlal
Ru
Xom
The Shining One

Annotations:
D:4 Dowan
D:6 3 exclusions, Eustachio


Innate Abilities, Weirdness & Mutations

You cannot wear most types of armour.
You are amphibious.
You can wear up to eight rings at the same time.
You can use your tentacles to constrict eight enemies at once.
Your skin changes colour to match your surroundings (Stealth).
Your rubbery body absorbs attacks (AC +1).


Message History

The orc wizard completely misses you.
You bump into the rock wall.
The orc wizard casts a spell.
The orc wizard blinks!
You flicker for a moment.
The orc wizard casts a spell at something.
You bump into the rock wall.
You bump into the rock wall.
You flicker back into view.
The orc wizard hits you with a dagger of protection.
* * * LOW HITPOINT WARNING * * *
The orc wizard gestures at you while chanting.
The magic dart hits you!
* * * LOW HITPOINT WARNING * * *
The orc wizard casts a spell.
The orc wizard blinks!
You bump into the rock wall.
You're too confused to cast spells.
The orc wizard hits you with a dagger of protection.
You die...

..### #....................
..##### #.......(.....(o....#
.#....# #.........#...[.....#
)..##.# #.........#.........#
#..##.# #.........#...#'###.#
......# #......)..###.#.###.#
#.....# ####.......##.#.....#
#.....########
#.......##.#.....#
#....###.....#
#@......##'#)..... #....#
#.....# #.o...............
#....# #.....#
#................# #....#
#.....# #...............##
#....# #.....# #.......####....#
.....# #.....# #.......# #....#
.....# #.....###.......####....#
.....# #.....'.'.......#.......#
#....###.....###.......#.###.(.#


You could see an orc wizard.

Vanquished Creatures
  A centaur (D:5)
  An ogre (D:6)
  2 phantoms
  Blork the orc (D:6)
  A giant frog (D:6)
  A scorpion (D:6)
  2 orc wizards
  An orc priest (D:6)
  Ijyb (D:2)
  2 hounds
  2 iguanas
  4 worker ants
  A hound skeleton (D:5)
  6 adders
  An ooze (D:2)
  3 worms
  4 giant geckos
  13 orcs
  9 bats
  A bat skeleton (D:4)
  4 giant cockroaches
  10 hobgoblins
  7 kobolds
  2 quokkas
  5 giant newts
  9 goblins
  2 jackals (D:5)
  2 kobold zombies (Ossuary)
  A quokka skeleton (D:5)
  A quokka zombie (D:5)
  10 rats
110 creatures vanquished.

Vanquished Creatures (collateral kills)
  A worker ant (D:5)
  An adder (D:2)
2 creatures vanquished.

Grand Total: 112 creatures vanquished

Notes
Turn   | Place    | Note
--------------------------------------------------------------
     0 | D:1      | amnekian the Octopode Transmuter began the quest for the Orb.
     0 | D:1      | Reached XP level 1. HP: 13/13 MP: 3/3
   132 | D:1      | Reached XP level 2. HP: 18/18 MP: 5/5
   377 | D:1      | Learned a level 2 spell: Sticks to Snakes
  1069 | D:1      | Reached XP level 3. HP: 23/23 MP: 6/6
  1150 | D:1      | Learned a level 3 spell: Spider Form
  1386 | D:2      | Noticed Ijyb
  1405 | D:2      | Killed Ijyb
  1639 | D:2      | Reached XP level 4. HP: 28/28 MP: 7/7
  2387 | D:3      | Reached XP level 5. HP: 20/33 MP: 5/8
  3288 | D:4      | Found a staircase to the Ecumenical Temple.
  3310 | Temple   | Entered the Ecumenical Temple
  3364 | Temple   | Became a worshipper of Cheibriados the Contemplative
  3881 | D:4      | Reached skill level 4 in Dodging
  3889 | D:4      | Reached XP level 6. HP: 23/38 MP: 7/9
  3890 | D:4      | Acquired Cheibriados's first power
  4219 | D:4      | Reached skill level 5 in Dodging
  4381 | D:4      | Noticed Dowan
  4625 | D:5      | Entered Level 5 of the Dungeon
  4987 | D:5      | Reached skill level 6 in Dodging
  4987 | D:5      | Reached XP level 7. HP: 16/43 MP: 4/10
  5104 | D:5      | Found a sand-covered staircase.
  5113 | Ossuary  | Entered an ossuary
  5869 | D:5      | Found a blossoming altar of Fedhas.
  6512 | D:6      | Noticed Eustachio
  6762 | D:6      | Noticed Blork the orc
  6924 | D:6      | Reached skill level 7 in Dodging
  7002 | D:6      | Reached XP level 8. HP: 41/48 MP: 7/11
  7113 | D:6      | Found a shadowy altar of Dithmenos.
  7185 | D:6      | Killed Blork the orc
  7365 | D:6      | Reached skill level 8 in Dodging
  7400 | D:6      | HP: 1/48 [orc wizard/magic dart (5)]
  7404 | D:6      | Slain by an orc wizard

Vault maps used:
D:1:      lightli_arrival_windingriver, serial_corexii_hall,
          corexii_hall_statues_i, corexii_hall_statues_u
D:2:      first_bread, uniq_iyjb
D:3:      st_stairs_4
D:4:      minmay_temple_entry_mist, uniq_duvessa
D:5:      nicolae_ossuary_entry_monument, basic_altar
D:6:      nicolae_overflow_hidden_temple, grunt_dithmenos_smoke,
          uniq_blork_the_orc, uniq_eustachio
Temple:   water_room_temple_a_12
Ossuary:  minmay_ossuary_two_tombs

Action                   |  1- 3 |  4- 6 |  7- 9 || total
-------------------------+-------+-------+-------++-------
Melee: Unarmed           |    65 |   140 |   115 ||   320
       Hunting sling     |       |       |     1 ||     1
 Fire: Hunting sling     |       |    28 |     9 ||    37
Throw: Stone             |       |     2 |       ||     2
 Cast: Beastly Appendage |     3 |     8 |     7 ||    18
       Spider Form       |     1 |    10 |    15 ||    26
       Sticks to Snakes  |       |    10 |    12 ||    22
Evoke: Wand              |       |       |     5 ||     5
  Use: Scroll            |       |    10 |       ||    10
       Potion            |       |       |     6 ||     6
 Stab: Sleeping          |     5 |     5 |       ||    10
       Distracted        |       |     1 |       ||     1
  Eat: Bread ration      |     1 |       |       ||     1
       Chunk             |       |     9 |     3 ||    12
       Fruit             |       |       |     4 ||     4
